 Dungeon Crawl Stone Soup version 0.21-a0-518-g43a1781 (webtiles) character file.

23 4thArraOfDagon the Skirmisher (level 2, -2/27 HPs)
             Began as a Minotaur Abyssal Knight on Dec 4, 2017.
             Was a Follower of Lugonu.
             Slain by an adder (5 damage)
             ... on level 2 of the Dungeon.
             The game lasted 00:01:27 (261 turns).

4thArraOfDagon the Skirmisher (MiAK)                 Turns: 261, Time: 00:01:27

Health: -2/27      AC:  3    Str: 14 (16) XL:     2   Next: 72%
Magic:  2/2        EV: 11    Int:  6 (9)  God:    Lugonu [*.....]
Gold:   24         SH:  0    Dex:  8 (9)  Spells: 1/1 levels left

rFire    . . .     SeeInvis .   a - +1 hand axe
rCold    . . .     Gourm    .   (no shield)
rNeg     . . .     Faith    .   b - +0 leather armour
rPois    .         Spirit   .   (helmet restricted)
rElec    .         Reflect  .   (no cloak)
rCorr    .         Harm     .   (no gloves)
MR       .....                  (no boots)
Stlth    +.........             (no amulet)
HPRegen  0.09/turn              (no ring)
MPRegen  0.08/turn              (no ring)

@: lethally poisoned (-2 -> -7)
A: retaliatory headbutt, horns 2
a: Depart the Abyss, Renounce Religion


You were on level 2 of the Dungeon.
You worshipped Lugonu.
Lugonu was aware of your devotion.
You were not hungry.

You visited 1 branch of the dungeon, and saw 2 of its levels.
You visited the Abyss 1 time.

You collected 24 gold pieces.

Inventory:

Hand Weapons
 a - a +1 hand axe (weapon)
Armour
 b - a +0 leather armour (worn)
Scrolls
 e - a scroll of identify {unknown}
 f - a scroll of enchant weapon {unknown}
 g - a scroll of teleportation {unknown}
Comestibles
 c - a bread ration
 d - a royal jelly


   Skills:
 + Level 3.8 Fighting
 * Level 3.1 Axes
 + Level 2.7 Armour
 + Level 1.5 Dodging
 + Level 2.1 Invocations


You had one spell level left.
You didn't know any spells.

Dungeon Overview and Level Annotations

Branches:
Dungeon (2/15)

Altars:
Dithmenos


Innate Abilities, Weirdness & Mutations

You reflexively headbutt those who attack you in melee.
You have a pair of horns on your head.


Message History

The adder is lightly wounded.
The adder bites you.
* * * LOW HITPOINT WARNING * * *
You closely miss the adder.
The adder is lightly wounded.
The adder closely misses you. You furiously retaliate!
You headbutt the adder! You closely miss the adder.
The adder is almost dead.
The adder bites you but does no damage. The adder closely misses you.
You closely miss the adder.
The adder is almost dead.
The adder bites you.
* * * LOW HITPOINT WARNING * * *
You are lethally poisoned!
The adder poisons you!
You miss the adder.
The adder is almost dead.
* * * LOW HITPOINT WARNING * * *
You feel sick. The adder bites you.
You die...

#######.########
...............#
########.######.#
######........#<..#
#.............#.#.#
#...............# .#
#.......(....##.# #
#........(<..##.#
#........@.†.##'##.#
####........S.....)...#
.............(†..#....#.
.............((.###.... #..
............##(.###..##....
........#...###..#..###....
........###..##.....##....
#######...................
#.#..##.........##


You could see an adder.

Vanquished Creatures
  A worm (D:2)
  2 dart slugs
  2 bats
  A giant cockroach (D:2)
  A goblin (D:2)
  A hobgoblin (D:1)
  3 kobolds
  3 frilled lizards (D:1)
  2 rats
16 creatures vanquished.

Notes
Turn   | Place    | Note
-------+----------+-------------------------------------------
     0 | Abyss:1  | 4thArraOfDagon the Minotaur Abyssal Knight began the quest for the Orb.
     0 | Abyss:1  | Reached XP level 1. HP: 19/19 MP: 1/1
     0 | Abyss:1  | Found a corrupted altar of Lugonu.
    69 | Abyss:1  | Noticed a raiju
    69 | Abyss:1  | Noticed an earth elemental
    72 | D:1      | Escaped the Abyss
   148 | D:2      | Reached XP level 2. HP: 23/27 MP: 2/2
   154 | D:2      | Found a shadowy altar of Dithmenos.
   161 | D:2      | Reached * piety under Lugonu
   261 | D:2      | Slain by an adder

Vault maps used:
D:1:      evilmike_arrival_crescent, hangedman_abyss_or_decor_stabs
D:2:      nicolae_dithmenos_shadow_blocks

Skill      XL: |  1  2 |
---------------+-------+-----
Invocations    | 2 |  2.1
Axes           | 3 |  3.1
Fighting       | |  3.8
Armour         | |  2.7
Dodging        | |  1.5

Action                   || total
-------------------------++-------
Melee: Hand axe          ||    36
       Headbutt          ||     4
Throw: Tomahawk          ||     6
Invok: Depart the Abyss  ||     1
  Use: Potion            ||     2
Armor: Leather armour    ||     9
Dodge: Dodged            ||    29

Table legend:
 A = Spawn XP
 B = Non-spawn XP
 C = Spawn XP percentage of total XP
 D = Spawn monster count
 E = Non-spawn monster count
 F = Spawn count percentage of total count
 G = Total turns spent on level
                    A         B        C        D         E        F      G
               +---------+---------+-------+---------+---------+-------+---------
         Total |       0 |      33 |   0.0 |       0 |      16 |   0.0 |   261
               +---------+---------+-------+---------+---------+-------+---------
           D:1 |       0 |      14 |   0.0 |       0 |       8 |   0.0 |    76
           D:2 |       0 |      19 |   0.0 |       0 |       8 |   0.0 |   113
               +---------+---------+-------+---------+---------+-------+---------
